 Dungeon Crawl Stone Soup version 0.24-a0-441-g27f0392e16 (webtiles) character file.

Game seed: 12974960156290688196

581 gruber the Conjurer (level 7, -8/41 HPs)
             Began as an Octopode Conjurer on June 19, 2019.
             Was an Initiate of Vehumet.
             Mangled by a wight
             ... wielding a +3 morningstar
              (11 damage)
             ... on level 5 of the Dungeon.
             The game lasted 00:05:56 (4050 turns).

gruber the Conjurer (Octopode Conjurer)             Turns: 4050, Time: 00:05:56

Health: -8/41      AC:  1    Str:  7    XL:     7   Next: 36%
Magic:  3/14       EV: 14    Int: 20    God:    Vehumet [......]
Gold:   235        SH:  0    Dex: 12    Spells: 5/15 levels left

rFire    + . .     SeeInvis .   n - +4 hand axe (chop)
rCold    . . .     Gourm    .   (no shield)
rNeg     . . .     Faith    .   (helmet restricted)
rPois    .         Spirit   .   (no amulet)
rElec    .         Reflect  .   o - ring of protection from fire
rCorr    .         Harm     .   (no ring)
MR       .....                  (no ring)
Stlth    +++.......             (no ring)
HPRegen  0.13/turn              (no ring)
MPRegen  0.14/turn              (no ring)
                                (no ring)
                                (no ring)

@: lightly drained
A: almost no armour, stealthy swim, amphibious, 8 rings, constrict 8, camouflage
1, gelatinous body 1
a: Renounce Religion


You were on level 5 of the Dungeon.
You worshipped Vehumet.
Vehumet was noncommittal.
You were very hungry.

You visited 2 branches of the dungeon, and saw 6 of its levels.

You collected 235 gold pieces.

Inventory:

Hand Weapons
 n - a +4 hand axe of chopping (weapon)
Jewellery
 o - a ring of protection from fire (left tentacle)
Wands
 j - a wand of flame (11)
Scrolls
 a - a scroll of fog {unknown}
 f - 2 scrolls of teleportation {unknown}
 i - 4 scrolls of remove curse {unknown}
 k - 5 scrolls of identify {unknown}
 p - a scroll of blinking {unknown}
 r - a scroll of immolation {unknown}
 s - a scroll of magic mapping {unknown}
 t - a scroll of fear {unknown}
 u - 2 scrolls of random uselessness {unknown}
Potions
 c - a potion of haste {unknown}
 d - 2 potions of magic {unknown}
 e - a potion of ambrosia {unknown}
 g - 2 potions of cancellation {unknown}
 h - a potion of berserk rage {unknown}
 l - a potion of flight {unknown}
 m - 2 potions of heal wounds {unknown}
 q - a potion of curing {unknown}
Comestibles
 b - 2 rations


   Skills:
 + Level 3.8(3.3) Dodging
 - Level 2.6(2.2) Stealth
 * Level 4.6(4.1) Spellcasting
 + Level 6.4(5.9) Conjurations


You had 5 spell levels left.
You knew the following spells:

 Your Spells              Type           Power        Failure   Level  Hunger
a - Magic Dart            Conj           ####         1%          1    None
b - Searing Ray           Conj           ####..       1%          2    #......
c - Dazzling Spray        Conj/Hex       ###...       11%         3    ###....
d - Force Lance           Conj/Tloc      ###.....     36%         4    ####...

Your spell library contained the following spells:

 Spells                   Type           Power        Failure   Level  Hunger
 Iskenderun's Mystic Bla  Conj           ####....     11%         4    ####...
 Fulminant Prism          Conj/Hex       ###.......   36%         4    ####...


Dungeon Overview and Level Annotations

Branches:
Dungeon (5/15)             Temple (1/1) D:4

Altars:
Cheibriados
Dithmenos
Elyvilon
Kikubaaqudgha
Makhleb
Nemelex Xobeh
Sif Muna
Trog
Vehumet
Wu Jian
Xom
Yredelemnul
Zin
The Shining One

Shops:
D:4 [


Innate Abilities, Weirdness & Mutations

You cannot wear most types of armour.
You are very stealthy in the water. (Stealth+)
You are amphibious.
You can wear up to eight rings at the same time.
You can use your tentacles to constrict eight enemies at once.
Your skin changes colour to match your surroundings (Stealth+).
Your rubbery body absorbs attacks. (AC +1, EV +1)


Message History

Aim: a wight, wielding a +3 morningstar and wearing a +0 robe (resting)
The searing ray hits the wight.
The wight is lightly damaged. (Press . to maintain the ray.)
The searing ray hits the wight.
The wight is heavily damaged.
The searing ray hits the wight.
The wight is severely damaged.
The wight hits you with a +3 morningstar!
You feel drained.
The searing ray misses the wight.
The searing ray hits the wight.
The wight is moderately damaged.
You finish channeling your searing ray.
The wight hits you from afar with a +3 halberd!
You see here a scroll labeled TIOSKAVVEG.
The wight hits you with a +3 morningstar!
* * * LOW HITPOINT WARNING * * *
The wight closely misses you.
The wight hits you with a +3 morningstar!
You die...

#.# #.# #)# #.#
#)# #.# #.# #.#
#.# #.# #.# #.##
#@.# ##z# #.#
#z# #######.##
.......?|#######
#######.........
#.######## #.#


You could see 2 wights.

Vanquished Creatures
  2 scorpions (D:4)
  2 wights (D:5)
  2 hounds (D:4)
  An orc wizard (D:4)
  An orc priest (D:4)
  Jessica (D:2)
  An iguana (D:4)
  A hound skeleton (D:4)
  9 adders
  3 gnolls (D:4)
  2 oozes
  A worm (D:4)
  A leopard gecko (D:2)
  11 orcs
  3 giant cockroaches (D:2)
  8 hobgoblins
  7 jackals
  19 kobolds
  A quokka (D:2)
  9 bats
  4 frilled lizards
  5 goblins
  2 leopard gecko skeletons (D:4)
  9 rats
105 creatures vanquished.

Notes
Turn   | Place    | Note
-------+----------+-------------------------------------------
     0 | D:1      | gruber the Octopode Conjurer began the quest for the Orb.
     0 | D:1      | Reached XP level 1. HP: 11/11 MP: 3/3
   110 | D:1      | Reached XP level 2. HP: 17/17 MP: 5/5
   119 | D:1      | Learned a level 2 spell: Searing Ray
   466 | D:1      | Reached XP level 3. HP: 19/21 MP: 1/6
  1235 | D:2      | Reached XP level 4. HP: 27/27 MP: 3/8
  1331 | D:2      | Reached skill level 5 in Conjurations
  1354 | D:2      | Found a white marble altar of Elyvilon.
  1445 | D:2      | Noticed Jessica
  1453 | D:2      | Killed Jessica
  1600 | D:2      | Reached XP level 5. HP: 20/31 MP: 9/9
  1645 | D:2      | You fall into a shaft and drop 2 floors!
  2003 | D:4      | Reached XP level 6. HP: 36/36 MP: 6/11
  2171 | D:4      | Found Girrah's Armour Shop.
  2234 | D:4      | Reached skill level 6 in Conjurations
  2335 | D:4      | Found a staircase to the Ecumenical Temple.
  2341 | Temple   | Entered the Ecumenical Temple
  2473 | Temple   | Became a worshipper of Vehumet
  2707 | D:3      | Found a deep blue altar of Sif Muna.
  2708 | D:3      | Found a basalt altar of Yredelemnul.
  2708 | D:3      | Found a bloodstained altar of Trog.
  2736 | D:3      | Found a sparkling altar of Nemelex Xobeh.
  3538 | D:4      | Noticed a steam dragon
  3548 | D:4      | Reached XP level 7. HP: 41/41 MP: 8/13
  3909 | D:4      | Learned a level 3 spell: Dazzling Spray
  3914 | D:4      | Learned a level 4 spell: Force Lance
  3969 | D:5      | Entered Level 5 of the Dungeon
  3969 | D:5      | Found a burning altar of Makhleb.
  4050 | D:5      | Mangled by a wight

Levels and vault maps discovered:
D:1:      minmay_arrival_split_and_join, layout_basic, dk_noncrumbling_3
D:2:      minmay_razor_zed, layout_loops_cross, lemuel_doored_altar,
          grunt_decor_clamped, minmay_fountain_box, uniq_jessica
D:3:      layout_basic, nicolae_overflow_hidden_temple,
          nemelex_xobeh_ov_fountains_minmay
D:4:      minmay_door_path, layout_loops_ring,
          minmay_temple_entry_gardened_gates, serial_shops, shop_statue
D:5:      layout_loops_ring, basic_altar, first_ration
Temple:   regret_index_temple_generic_petals

Skill      XL: |  1  2  3  4  5  6 |
---------------+-------------------+-----
Conjurations   | 5 6 |  6.4
Spellcasting   | 3 4 |  4.6
Dodging        | 3 |  3.8
Stealth        | |  2.6

Action                   |  1- 3 |  4- 6 |  7- 9 || total
-------------------------+-------+-------+-------++-------
Melee: Dagger            |    92 |    61 |       ||   153
       Constrict         |    19 |    19 |       ||    38
       Unarmed           |     3 |       |       ||     3
       Tentacles         |    12 |    16 |       ||    28
       Hand axe          |       |    25 |       ||    25
 Cast: Magic Dart        |    23 |    11 |     1 ||    35
       Searing Ray       |     1 |    13 |     6 ||    20
 Stab: Sleeping          |     9 |    12 |       ||    21
  Eat: Chunk             |     1 |     7 |     1 ||     9
Armor: Skin              |     9 |     5 |       ||    14
Dodge: Dodged            |    58 |    52 |     1 ||   111

Table legend:
 A = Non-vault XP
 B = Vault XP
 C = Vault XP percentage of total XP
 D = Non-vault monster count
 E = Vault monster count
 F = Vault count percentage of total count
                 A         B        C        D         E       F
            +---------+---------+-------+---------+---------+-------
      Total |     668 |     162 |  19.5 |      93 |      12 |  11.4
            +---------+---------+-------+---------+---------+-------
        D:1 |      57 |       0 |   0.0 |      33 |       0 |   0.0
        D:2 |      77 |      92 |  54.4 |      26 |      11 |  29.7
        D:3 |      33 |       0 |   0.0 |      10 |       0 |   0.0
        D:4 |     388 |      70 |  15.3 |      22 |       1 |   4.3
        D:5 |     113 |       0 |   0.0 |       2 |       0 |   0.0
            +---------+---------+-------+---------+---------+-------
